 Dungeon Crawl Stone Soup version 0.22.0-38-g04b72b8 (webtiles) character file.

305 Larmestyx the Firebug (level 6, -9/45 HPs)
             Began as a Draconian Fire Elementalist on Aug 29, 2018.
             Killed by nerve-wracking pain
             ... invoked by an orc priest
              (13 damage)
             ... on level 4 of the Dungeon.
             The game lasted 00:42:03 (3965 turns).

Larmestyx the Firebug (Draconian Fire Elementalist) Turns: 3965, Time: 00:42:03

Health: -9/45      AC:  6    Str: 10    XL:     6   Next: 16%
Magic:  0/11       EV: 12    Int: 18    God:
Gold:   184        SH:  0    Dex: 11    Spells: 9/12 levels left

rFire    . . .     SeeInvis .   c - +0 dagger (speed)
rCold    . . .     Gourm    .   (no shield)
rNeg     . . .     Faith    .   (armour unavailable)
rPois    .         Spirit   .   (helmet restricted)
rElec    .         Reflect  .   (no cloak)
rCorr    .         Harm     .   (no gloves)
MR       .....                  (no boots)
Stlth    ++........             (no amulet)
HPRegen  0.15/turn              (no ring)
MPRegen  0.12/turn              (no ring)

@: no status effects
A: unfitting armour, cold-blooded, AC +6
a: no special abilities


You were on level 4 of the Dungeon.
You were not hungry.

You visited 1 branch of the dungeon, and saw 4 of its levels.

You collected 184 gold pieces.

Inventory:

Hand Weapons
 c - a +0 dagger of speed (weapon)
 i - a +0 dagger of draining
Scrolls
 e - 4 scrolls of remove curse {unknown}
 f - a scroll of enchant weapon {unknown}
 g - a scroll of random uselessness {unknown}
 j - a scroll of fear {unknown}
 q - a scroll of identify {unknown}
 r - a scroll of amnesia {unknown}
Potions
 a - a potion of magic {unknown}
 d - a potion of lignification {unknown}
 h - 2 potions of cancellation {unknown}
 k - a potion of haste {unknown}
 l - a potion of agility {unknown}
 m - a potion of curing
 n - a potion of brilliance {unknown}
 o - a potion of mutation {unknown}
 p - a potion of degeneration {unknown}
Comestibles
 b - 6 rations
 s - 4 chunks of flesh


   Skills:
 - Level 1.7 Dodging
 - Level 1.7 Stealth
 + Level 3.8 Spellcasting
 + Level 3.6 Conjurations
 + Level 4.6 Fire Magic


You had 9 spell levels left.
You knew the following spells:

 Your Spells              Type           Power        Failure   Level  Hunger
a - Flame Tongue          Conj/Fire      ###..        2%          1    None
b - Throw Flame           Conj/Fire      ###...       4%          2    ##.....

Your spell library contained the following spells:

 Spells                   Type           Power        Failure   Level  Hunger
 Conjure Flame            Conj/Fire      ###.....     9%          3    ###....
 Inner Flame              Hex/Fire       ##......     17%         3    ###....
 Sticky Flame             Conj/Fire      ###.....     26%         4    ####...
 Fireball                 Conj/Fire      ###.......   58%         5    ######.


Dungeon Overview and Level Annotations

Branches:
Dungeon (4/15)
 Temple: D:4-7

Altars:
Dithmenos
Qazlal
Ru


Innate Abilities, Weirdness & Mutations

Your plain brown scales are hard. (AC +6)
You cannot fit into any form of body armour.
You are cold-blooded and may be slowed by cold attacks.


Message History

The orc priest is almost dead.
The orc priest looks encouraged for a moment.
You hit the orc priest but do no damage.
The orc priest is almost dead.
The orc priest invokes the aid of Beogh against you.
You barely resist.
You hit the orc priest but do no damage.
The orc priest is almost dead.
The orc priest hits you.
* * * LOW HITPOINT WARNING * * *
You closely miss the orc priest.
The orc priest is almost dead.
You barely miss the orc priest.
The orc priest is almost dead.
The orc priest hits you but does no damage.
You hit the orc priest but do no damage.
The orc priest is almost dead.
The orc priest invokes the aid of Beogh against you.
Pain shoots through your body!
You die...

.# #### #..#. . #.#
....##... .. . #.#
#.....##?.o ..### ##.#
#...O...o ....###..### #.<.#
#........# #......#
#.......# #......#
###(.<....########?.....#
#...........)@o...)........
#####.......#######....!..##
#.......# #.......#
#.......# ........#
##.###.## ....... #. ...
##..... ## #.... ..... #...)
#####


You could see an orc priest.

Vanquished Creatures
  An ogre (D:4)
  2 orc wizards (D:3)
  A gnoll (D:1)
  7 adders
  4 worms
  A dart slug (D:2)
  2 leopard geckos
  6 orcs
  4 giant cockroaches
  11 goblins
  6 hobgoblins
  2 jackals (D:1)
  A quokka (D:2)
  A ball python (D:3)
  5 bats
  6 frilled lizards
  11 kobolds
  6 rats
77 creatures vanquished.

Notes
Turn   | Place    | Note
-------+----------+-------------------------------------------
     0 | D:1      | Larmestyx the Draconian Fire Elementalist began the quest for the Orb.
     0 | D:1      | Reached XP level 1. HP: 14/14 MP: 3/3
   238 | D:1      | Reached XP level 2. HP: 7/20 MP: 3/5
   871 | D:1      | Reached XP level 3. HP: 17/26 MP: 4/6
  1745 | D:2      | Learned a level 2 spell: Throw Flame
  1861 | D:2      | Reached XP level 4. HP: 33/33 MP: 6/8
  1972 | D:2      | Found a faded altar of an unknown god.
  2415 | D:2      | Found a sacrificial altar of Ru.
  2415 | D:2      | Found a stormy altar of Qazlal.
  2415 | D:2      | Found a shadowy altar of Dithmenos.
  3119 | D:3      | Reached skill level 4 in Fire Magic
  3236 | D:3      | Reached XP level 5. HP: 38/38 MP: 1/9
  3927 | D:4      | Noticed an ogre
  3951 | D:4      | Killed an ogre
  3951 | D:4      | Reached XP level 6. HP: 45/45 MP: 0/11
  3965 | D:4      | Killed from afar by an orc priest

Skill      XL: |  1  2  3  4 |
---------------+-------------+-----
Conjurations   | 2 3 |  3.6
Spellcasting   | 3 |  3.8
Fire Magic     | 4 |  4.6
Dodging        | |  1.7
Stealth        | |  1.7

Action                   |  1- 3 |  4- 6 || total
-------------------------+-------+-------++-------
Melee: Unarmed           |    30 |       ||    30
       Dagger            |   124 |   159 ||   283
       Tailslap          |     8 |    17 ||    25
 Cast: Flame Tongue      |    15 |    62 ||    77
       Throw Flame       |       |     3 ||     3
  Use: Potion            |       |     1 ||     1
 Stab: Sleeping          |     4 |     1 ||     5
  Eat: Chunk             |     3 |     7 ||    10
Armor: Skin              |    24 |    24 ||    48
Dodge: Dodged            |    76 |    80 ||   156
